 Dungeon Crawl Stone Soup version 0.21.1-1-g345015f (webtiles) character file.

1561 Golfball the Chopper (level 8, -6/73 HPs)
             Began as a Hill Orc Fighter on Apr 30, 2018.
             Was a Follower of Okawaru.
             Mangled by a hog (8 damage)
             ... on level 7 of the Dungeon.
             The game lasted 00:23:01 (6892 turns).

Golfball the Chopper (Hill Orc Fighter)             Turns: 6892, Time: 00:23:02

Health: -6/73      AC:  7    Str: 21    XL:     8   Next: 89%
Magic:  11/17      EV: 10    Int:  8    God:    Okawaru [*.....]
Gold:   283        SH:  9    Dex: 10    Spells: 7/7 levels left

rFire    + . .     SeeInvis .   a - +1 war axe
rCold    . . .     Gourm    .   c - +0 shield
rNeg     . . .     Faith    .   t - +2 leather armour {rF+}
rPois    .         Spirit   .   q - +0 helmet
rElec    .         Reflect  .   (no cloak)
rCorr    .         Harm     .   (no gloves)
MR       +....                  x - +0 pair of boots
Stlth    +.........             (no amulet)
HPRegen  0.22/turn              g - ring of protection from magic
MPRegen  0.15/turn              r - ring of magical power

@: no status effects
A: no striking features
a: Heroism, Renounce Religion


You were on level 7 of the Dungeon.
You worshipped Okawaru.
Okawaru was aware of your devotion.
You were not hungry.

You visited 2 branches of the dungeon, and saw 8 of its levels.

You collected 361 gold pieces.
You spent 78 gold pieces at shops.

Inventory:

Hand Weapons
 a - a +1 war axe (weapon)
 b - a +0 hunting sling
 w - a +1 whip of freezing
 y - a +0 flail
Missiles
 h - 133 stones
 m - 34 sling bullets
 v - 13 tomahawks (quivered)
Armour
 c - a +0 shield (worn)
 l - a +0 scale mail
 q - a +0 helmet (worn)
 t - a +2 leather armour of fire resistance (worn)
 x - a +0 pair of boots (worn)
Jewellery
 g - a ring of protection from magic (left hand)
 r - a ring of magical power (right hand)
Wands
 D - a wand of polymorph (18)
Scrolls
 u - 2 scrolls of teleportation
 C - a scroll of remove curse
Potions
 d - 2 potions of might
 e - a potion of haste
 i - 3 potions of agility
 j - a potion of brilliance
 k - 2 potions of invisibility
 n - a potion of ambrosia
 o - 3 potions of lignification
 p - a potion of flight
 s - a potion of curing
 z - a potion of resistance
 B - 3 potions of mutation
Comestibles
 f - 11 rations
 A - 5 chunks of flesh


   Skills:
 - Level 7.0 Fighting
 + Level 7.1 Axes
 - Level 6.0 Slings
 - Level 3.2 Armour
 + Level 3.5 Dodging
 - Level 3.2 Shields


You had 7 spell levels left.
You didn't know any spells.

Dungeon Overview and Level Annotations

Branches:
Dungeon (7/15)             Temple (1/1) D:5

Altars:
Ashenzari
Cheibriados
Dithmenos
Elyvilon
Fedhas
Gozag
Hepliaklqana
Kikubaaqudgha
Makhleb
Nemelex Xobeh
Okawaru
Qazlal
Ru
Sif Muna
Trog
Uskayaw
Vehumet
Wu Jian
Xom
Yredelemnul
Zin
The Shining One

Shops:
D:5 *


Message History

You slash the hog! You block the hog's attack. x2
You barely miss the hog.
The hog is severely wounded.
Your shield prevents you from hitting the hog.
You block the hog's attack. The hog bites you!
* * * LOW HITPOINT WARNING * * *
You closely miss the hog.
The hog is almost dead.
You hit the hog. The hog bites you.
* * * LOW HITPOINT WARNING * * *
The hog closely misses you. The hog bites you.
* * * LOW HITPOINT WARNING * * *
The hog bites you.
* * * LOW HITPOINT WARNING * * *
You barely miss the hog.
The hog is almost dead.
You hit the hog.
You feel like a meek peon again. The hog barely misses you. The hog bites you!
You die...

#.......
##.......
#.......#######
#......>#.....#
#.......#.....#
##.......###'###
####
.........#hh..%#
###...
#.......@hh.%%#
###.....
#..####.#######
#....... ##..##
##....... ##..##
#..)..... ##..##
#........ ###.##
#...><...
##.###........
##...........
##..........


You could see 4 hogs.

Vanquished Creatures
  A human (D:7)
  Menkaure (D:6)
  A sky beast (D:5)
  2 centaurs
  A bullfrog (D:6)
  3 scorpions
  3 crimson imps (D:5)
  2 howler monkeys (D:6)
  A bullfrog skeleton (D:4)
  3 hounds
  An orc priest (D:5)
  A gnoll shaman (D:5)
  4 orc wizards
  Terence (D:3)
  3 worker ants
  Robin (D:3)
  11 adders
  3 gnolls (D:5)
  2 oozes (D:2)
  An adder zombie (D:6)
  5 worms
  A dart slug (D:5)
  4 leopard geckos
  22 orcs
  6 giant cockroaches
  14 hobgoblins
  2 quokkas
  5 bats
  7 frilled lizards
  16 goblins
  4 kobolds
  A quokka skeleton (D:4)
  8 rats
141 creatures vanquished.

Notes
Turn   | Place    | Note
-------+----------+-------------------------------------------
     0 | D:1      | Golfball the Hill Orc Fighter began the quest for the Orb.
     0 | D:1      | Reached XP level 1. HP: 19/19 MP: 1/1
   171 | D:1      | Reached XP level 2. HP: 26/26 MP: 2/2
  1296 | D:2      | Reached XP level 3. HP: 30/31 MP: 3/3
  1347 | D:2      | Reached skill level 5 in Axes
  1643 | D:2      | Found a stormy altar of Qazlal.
  1644 | D:2      | Noticed an earth elemental
  1647 | D:2      | Noticed a water elemental
  1647 | D:2      | Noticed a fire elemental
  1647 | D:2      | Noticed an air elemental
  1772 | D:2      | Reached XP level 4. HP: 39/39 MP: 4/4
  2450 | D:2      | Reached XP level 5. HP: 22/45 MP: 5/5
  2965 | D:3      | Noticed Terence
  2982 | D:3      | Killed Terence
  3277 | D:3      | Reached skill level 1 in Slings
  3446 | D:3      | Reached XP level 6. HP: 48/52 MP: 6/6
  3522 | D:3      | Found a sparkling altar of Nemelex Xobeh.
  3538 | D:3      | Noticed Robin
  3544 | D:3      | Killed Robin
  4007 | D:4      | Reached skill level 5 in Fighting
  4463 | D:4      | Reached XP level 7. HP: 49/61 MP: 7/7
  5286 | D:5      | Entered Level 5 of the Dungeon
  5356 | D:5      | Found a glowing golden altar of the Shining One.
  5446 | D:5      | Found a shadowy altar of Dithmenos.
  5475 | D:5      | Noticed a dagger
  5476 | D:5      | Noticed a dagger
  5477 | D:5      | Found a hide-covered altar of Uskayaw.
  5800 | D:5      | Found Qiczi's Assorted Antiques.
  5805 | D:5      | Bought a scroll of identify for 40 gold pieces
  5805 | D:5      | Bought a lumpy white potion for 18 gold pieces
  5805 | D:5      | Bought a scroll labeled BENWA DU HOFUCS for 20 gold pieces
  5843 | D:5      | Reached XP level 8. HP: 73/73 MP: 8/8
  5876 | D:5      | Found a shimmering altar of Xom.
  5960 | D:5      | Reached skill level 1 in Dodging
  6045 | D:5      | Found a radiant altar of Vehumet.
  6047 | D:5      | Identified Vehumet's Compendium of Battle Magic
  6056 | D:5      | Found an ancient bone altar of Kikubaaqudgha.
  6057 | D:5      | Found a deep blue altar of Sif Muna.
  6121 | D:5      | Found a staircase to the Ecumenical Temple.
  6170 | Temple   | Entered the Ecumenical Temple
  6177 | Temple   | Became a worshipper of Warmaster Okawaru
  6323 | D:6      | Reached skill level 5 in Slings
  6591 | D:6      | Noticed Menkaure
  6597 | D:6      | Killed Menkaure
  6597 | D:6      | Reached * piety under Okawaru
  6891 | D:7      | HP: 1/73 [hog (3)]
  6892 | D:7      | Mangled by a hog

Skill      XL: |  1  2  3  4  5  6  7  8 |
---------------+-------------------------+-----
Axes           | 3 4 5 6 7 |  7.1
Fighting       | 4 5 7 |  7.0
Slings         | 1 3 4 6 |  6.0
Dodging        | 3 |  3.5
Armour         | |  3.2
Shields        | |  3.2

Action                   |  1- 3 |  4- 6 |  7- 9 || total
-------------------------+-------+-------+-------++-------
Melee: War axe           |   142 |   236 |   177 ||   555
Invok: Heroism           |       |       |     1 ||     1
  Use: Scroll            |       |    12 |     7 ||    19
  Eat: Chunk             |     3 |     9 |     4 ||    16
       Ration            |       |       |     1 ||     1
Armor: Scale mail        |    43 |    66 |       ||   109
       Leather armour    |       |    25 |    41 ||    66
Dodge: Dodged            |    50 |    64 |    62 ||   176
Block: Shield            |    65 |    84 |    84 ||   233
